 Dungeon Crawl Stone Soup version 0.23.0-38-g208d714 (webtiles) character file.

Game seed: 15936641864615634572

554 pkoi the Insei (level 7, -6/54 HPs)
             Began as a Demonspawn Monk on Feb 27, 2019.
             Splashed by a jelly's acid (8 damage)
             ... on level 5 of the Dungeon.
             The game lasted 00:05:55 (4492 turns).

pkoi the Insei (Demonspawn Monk)                    Turns: 4492, Time: 00:05:56

Health: -6/54      AC: 13    Str: 14    XL:     7   Next: 8%
Magic:  0/7        EV:  5    Int: 11    God:
Gold:   268        SH:  0    Dex: 15    Spells: 6/6 levels left

rFire    . . .     SeeInvis .     - Unarmed
rCold    . . .     Gourm    .   (no shield)
rNeg     . . .     Faith    .   r - +0 plate armour
rPois    .         Spirit   +   (no helmet)
rElec    .         Reflect  .   u - +0 cloak
rCorr    .         Harm     .   (no gloves)
MR       .....                  (no boots)
Stlth    ..........             (no amulet)
HPRegen  0.18/turn              p - ring of stealth
MPRegen  0.10/turn              (no ring)

@: lethally poisoned (-6 -> -19), corroded, sanguine armour
A: hooves 2, magic shield, sanguine armour 2
a: no special abilities


You were on level 5 of the Dungeon.
You were not hungry.

You visited 1 branch of the dungeon, and saw 5 of its levels.

You collected 268 gold pieces.

Inventory:

Hand Weapons
 e - a +0 whip
Missiles
 w - 6 javelins (quivered)
Armour
 a - a +0 robe
 r - a +0 plate armour (worn)
 u - a +0 cloak (worn)
Jewellery
 p - a ring of stealth (left hand)
Scrolls
 c - a scroll of random uselessness {unknown}
 f - 4 scrolls of remove curse {unknown}
 g - 4 scrolls of amnesia {unknown}
 i - 2 scrolls of magic mapping {unknown}
 j - a scroll of enchant armour {unknown}
 l - 3 scrolls of identify {unknown}
 o - 3 scrolls of fear {unknown}
 t - a scroll of noise {unknown}
 x - a scroll of teleportation {unknown}
Potions
 d - 3 potions of heal wounds
 h - a potion of berserk rage {unknown}
 k - 2 potions of flight {unknown}
 m - a potion of haste
 q - a potion of lignification {unknown}
 s - a potion of agility {unknown}
 v - a potion of brilliance {unknown}
 z - a potion of resistance {unknown}
Comestibles
 b - 6 rations
 n - 3 chunks of flesh


   Skills:
 + Level 4.2 Fighting
 + Level 2.4 Armour
 + Level 3.8 Dodging
 - Level 1.7 Stealth
 + Level 5.6 Unarmed Combat


You had 6 spell levels left.
You didn't know any spells.
Your spell library was empty.

Dungeon Overview and Level Annotations

Branches:
Dungeon (5/15)
 Temple: D:4-7

Altars:
Trog
Xom


Innate Abilities, Weirdness & Mutations

You have hoof-like feet.
When hurt, damage is shared between your health and your magic reserves.
When seriously injured, your bleeding wounds create thick armour. (AC +9)


Message History

You hit the jelly.
Your hands burn!
* * * LOW HITPOINT WARNING * * *
The jelly is moderately wounded.
* * * LOW HITPOINT WARNING * * *
You feel sick. The jelly hits you but does no damage.
You punch the jelly!
Your hands burn!
* * * LOW HITPOINT WARNING * * *
You kick the jelly, but do no damage.
The jelly is heavily wounded.
* * * LOW HITPOINT WARNING * * *
You feel sick. The jelly hits you but does no damage.
You hit the jelly.
Your hands burn!
* * * LOW HITPOINT WARNING * * *
You kick the jelly.
The jelly is severely wounded.
* * * LOW HITPOINT WARNING * * *
You feel sick. The jelly hits you.
* * * LOW HITPOINT WARNING * * *
The acid corrodes you!
You are splashed with acid!
You die...

.....#...# #.....#
.....#...# #.....# ...
.....#...# #.....# ....
.....'...# #.....# ...
.....########.....#..#
#####.........#####..##
#.........#.......+
#.........'.J.....#
#.........#.@.....#
#.........##'####+#..
###########...†.....#
#.........# #.........#
#.........# #..........
#.....####. +.....#


You could see a jelly.

Vanquished Creatures
  A water moccasin (D:5)
  A phantom (D:4)
  A water moccasin skeleton (D:5)
  A bullfrog skeleton (D:4)
  A hound (D:4)
  A centaur skeleton (D:4)
  A worker ant (D:4)
  A worker ant zombie (D:2)
  7 adders
  An ooze (D:1)
  3 adder zombies (D:2)
  An adder skeleton (D:2)
  5 worms
  4 leopard geckos
  6 orcs (D:3)
  A bat zombie (D:2)
  6 giant cockroaches
  10 goblins
  7 hobgoblins
  6 jackals
  A quokka (D:3)
  A ball python zombie (D:2)
  7 bats
  9 frilled lizards
  5 kobolds
  2 leopard gecko skeletons
  8 rats
98 creatures vanquished.

Notes
Turn   | Place    | Note
-------+----------+-------------------------------------------
     0 | D:1      | pkoi the Demonspawn Monk began the quest for the Orb.
     0 | D:1      | Reached XP level 1. HP: 18/18 MP: 1/1
    51 | D:1      | Found a shimmering altar of Xom.
   265 | D:1      | Reached skill level 3 in Unarmed Combat
   349 | D:1      | Gained mutation: You have large cloven feet. [demonic
                  | ancestry]
   349 | D:1      | Reached XP level 2. HP: 24/24 MP: 2/2
   850 | D:1      | Reached XP level 3. HP: 28/29 MP: 3/3
  1340 | D:2      | Reached skill level 4 in Unarmed Combat
  1561 | D:2      | HP: 1/29 [goblin/+0 club (2)]
  2144 | D:2      | Gained mutation: When hurt, damage is shared between your
                  | health and your magic reserves. [demonic ancestry]
  2144 | D:2      | Reached XP level 4. HP: 34/35 MP: 4/4
  3042 | D:3      | Reached skill level 5 in Unarmed Combat
  3058 | D:3      | Gained mutation: When seriously injured, your bleeding
                  | wounds create armour. (AC +9) [demonic ancestry]
  3058 | D:3      | Reached XP level 5. HP: 41/41 MP: 5/5
  3554 | D:4      | Noticed a phantom
  3621 | D:4      | Killed a phantom
  3621 | D:4      | Reached skill level 1 in Armour
  3781 | D:4      | Gained mutation: When seriously injured, your bleeding
                  | wounds create thick armour. (AC +9) [demonic ancestry]
  3781 | D:4      | Reached XP level 6. HP: 43/47 MP: 6/6
  3838 | D:4      | Noticed a moth of wrath
  3841 | D:4      | Found a bloodstained altar of Trog.
  4392 | D:5      | Entered Level 5 of the Dungeon
  4468 | D:5      | Noticed a water moccasin
  4482 | D:5      | Killed a water moccasin
  4482 | D:5      | Gained mutation: You have hoof-like feet. [demonic
                  | ancestry]
  4482 | D:5      | Reached XP level 7. HP: 22/54 MP: 4/7
  4492 | D:5      | HP: 2/54 [jelly (1)]
  4492 | D:5      | Splashed by a jelly's acid

Skill      XL: |  1  2  3  4  5  6 |
---------------+-------------------+-----
Unarmed Combat | 3 4 5 |  5.6
Armour         | 1 2 |  2.4
Dodging        | 3 |  3.8
Fighting       | 4 |  4.2
Stealth        | |  1.7

Action                   |  1- 3 |  4- 6 |  7- 9 || total
-------------------------+-------+-------+-------++-------
Melee: Whip              |   104 |       |       ||   104
       Unarmed           |    32 |   244 |     5 ||   281
       Kick              |    38 |    61 |     3 ||   102
       Punch             |     2 |     2 |       ||     4
  Use: Potion            |       |       |     1 ||     1
 Stab: Sleeping          |     3 |       |       ||     3
  Eat: Chunk             |     4 |     8 |       ||    12
Armor: Robe              |    29 |     4 |       ||    33
       Plate armour      |       |   152 |     3 ||   155
Dodge: Dodged            |   124 |    52 |     1 ||   177
